 Dungeon Crawl Stone Soup version 0.13.1-27-ga479965 (webtiles) character file.

173 Chiseanne the Insei (level 4, -6/34 HPs)
             Began as a Demonspawn Monk on Feb 2, 2014.
             Killed by divine providence
             ... invoked by an orc priest
              (11 damage)
             ... on Level 3 of the Dungeon.
             The game lasted 00:06:09 (2576 turns).

Chiseanne the Insei (Demonspawn Monk)               Turns: 2576, Time: 00:06:09

HP  -6/34        AC  6     Str 12      XL: 4   Next: 29%
MP   3/3         EV  9     Int 11      God:
Gold 85          SH  0     Dex 16      Spells:  0 memorised,  3 levels left

Res.Fire  : . . .   See Invis. : .   n - +1,+0 dwarf mace
Res.Cold  : . . .   Warding    : .   o - +1 dwarf ring mail
Life Prot.: . . .   Conserve   : .   (no shield)
Res.Poison: .       Res.Corr.  : .   (helmet restricted)
Res.Elec. : .       Clarity    : .   (no cloak)
Sust.Abil.: . .     Spirit.Shd : .   (no gloves)
Res.Mut.  : .       Stasis     : .   (no boots)
Res.Rott. : .       Flight     : .   (no amulet)
Saprovore : . . .                    (no ring)
                                     p - ring of wizardry

@: mildly poisoned, slightly resistant to hostile enchantments, unstealthy
A: horns 2, spiny 1
a: no special abilities


You were on level 3 of the Dungeon.
You were not hungry.

You visited 1 branch of the dungeon, and saw 3 of its levels.

You collected 85 gold pieces.

Inventory:

Hand weapons
 g - a +0,+0 short sword
 n - a +1,+0 dwarven mace (weapon)
Armour
 o - a +1 dwarven ring mail (worn)
Comestibles
 b - a bread ration
Scrolls
 c - 2 scrolls of recharging {unknown}
 f - 3 scrolls of remove curse {unknown}
 h - a scroll of magic mapping {unknown}
 j - 2 scrolls of enchant armour {unknown}
 k - 2 scrolls of curse armour {unknown}
 m - 8 scrolls of identify {unknown}
 q - 2 scrolls of fear {unknown}
Jewellery
 p - a ring of wizardry (left hand)
Potions
 a - a potion of magic
 e - a potion of heal wounds {unknown}
 i - a potion of might {unknown}
 l - a potion of brilliance {unknown}


   Skills:
 * Level 3.5 Fighting
 * Level 2.0 Armour
 * Level 3.6 Dodging
 - Level 1.7 Stealth
 - Level 3.6 Unarmed Combat


You had 3 spell levels left.
You didn't know any spells.

Dungeon Overview and Level Annotations

Branches:
Dungeon (3/27)

Altars:

Annotations:
D:2 Sigmund


Innate Abilities, Weirdness & Mutations

You have a pair of horns on your head.
You are partially covered in sharp spines.


Message History

You barely miss the orc. Your headbutt misses the orc.
The orc is severely wounded.
The orc is struck by your spines.
You kill the orc!
The orc priest invokes the aid of Beogh against you.
Something smites you!
* * * LOW HITPOINT WARNING * * *
You sock the orc!
The orc is severely wounded.
The orc hits you but does no damage.
Drink which item? (? for menu, Esc to quit)
Magic courses through your body.
It was a potion of magic.
The orc barely misses you.
A kobold comes into view. It is wielding a dwarven dagger.
Drink which item? (? for menu, Esc to quit)
That liquid tasted very nasty...
You are poisoned.
It was a potion of poison.
The orc priest mumbles some strange prayers to Beogh against you.
Something smites you!
You die... # #.##.##...... #..<......#.. ############# #........ #.####.## #### #.#..'.+.
Ko#

#.#8.#.#.
#o########.####.##
#@#......#........
#..<...# #.####.##
###.##.# #.#..'.+.
#########.#.. #.#..#.#.
..........#.# #.#'##.##
.....###..#.##.#........
. #.....(.#.#'##.##
#.##.#..#.#..'.'. #.#..#
.#.#(.#.#.


You could see an orc priest, an orc and a kobold.

Vanquished Creatures
  3 adders
  A giant mite (D:2)
  An ooze (D:1)
  4 orcs (D:3)
  4 bats
  3 giant cockroaches (D:1)
  4 goblins
  7 hobgoblins
  A quokka (D:3)
  A ball python (D:1)
  2 giant geckos
  3 giant newts
  4 jackals (D:2)
  6 kobolds
  9 rats
53 creatures vanquished.

Notes
Turn   | Place    | Note
--------------------------------------------------------------
     0 | D:1      | Chiseanne, the Demonspawn Monk, began the quest for the Orb.
     0 | D:1      | Reached XP level 1. HP: 16/16 MP: 0/0
   211 | D:1      | Gained mutation: You are partially covered in sharp spines. [demonic ancestry]
   211 | D:1      | Reached XP level 2. HP: 22/22 MP: 1/1
  1069 | D:1      | Reached skill level 1 in Armour
  1275 | D:2      | Gained mutation: You have a pair of small horns on your head. [demonic ancestry]
  1275 | D:2      | Reached XP level 3. HP: 20/28 MP: 2/2
  1773 | D:2      | Noticed Sigmund
  2110 | D:3      | Gained mutation: You have a pair of horns on your head. [demonic ancestry]
  2110 | D:3      | Reached XP level 4. HP: 30/34 MP: 3/3
  2576 | D:3      | Killed from afar by an orc priest

Action                   |  1- 3 |  4- 6 || total
-------------------------+-------+-------++-------
Melee: Short sword       |    55 |       ||    55
       Unarmed           |     4 |       ||     4
       Mace              |    93 |    25 ||   118
  Use: Potion            |       |     2 ||     2
 Stab: Sleeping          |     2 |       ||     2
